 Dungeon Crawl Stone Soup version 0.25-a0-294-gea9b1ad (webtiles) character file.

Game seed: 14841320584136946201, levelgen mode: deterministic

1730314 grandjackal the Blood Saint (level 27, 314/314 HPs)
             Began as a Demonspawn Gladiator on Dec 18, 2019.
             Was the Champion of Yredelemnul.
             Escaped with the Orb
             ... and 3 runes!
             The game lasted 02:38:37 (69334 turns).

grandjackal the Blood Saint (Demonspawn Gladiator) Turns: 69334, Time: 02:38:38

Health: 314/314    AC: 29    Str: 26    XL:     27
Magic:  40/40      EV: 25    Int: 18    God:    Yredelemnul [******]
Gold:   6174       SH: 17    Dex: 16    Spells: 26/26 levels left

rFire    + . .     SeeInvis +   L - +9 double sword (slice)
rCold    + + .     Gourm    .   o - +2 shield {reflect}
rNeg     + . .     Faith    .   X - +3 chain mail "Koxzus" {Regen+ rCorr Int+4 Stlth-}
rPois    +         Spirit   +   t - +2 helmet {SInv}
rElec    .         Reflect  +   e - +2 cloak {rC+}
rCorr    +         Harm     .   (gloves unavailable)
MR       +++..                  x - +2 pair of boots {Fly}
Stlth    ..........             a - amulet of guardian spirit
HPRegen  1.02/turn              R - ring of Scepticism {rPois rN+ MR+ Int+4 Slay+5}
MPRegen  0.27/turn              Q - ring of Itiff {rF+ rC+ Int+2}

@: flying
A: claws 3, dopey 1, foul stench 2, powered by pain 3, robust 3, screaming 1,
rot immunity, sturdy frame 3
0: Orb of Zot
}: 3/15 runes: decaying, silver, gossamer
a: Recall Undead Slaves, Injury Mirror, Animate Dead, Drain Life, Enslave Soul,
Renounce Religion, Stop Flying


You escaped.
You worshipped Yredelemnul.
Yredelemnul was exalted by your worship.
You were not hungry.

You visited 11 branches of the dungeon, and saw 53 of its levels.
You visited the Abyss 1 time.
You also visited: Ice Cave and Volcano.

You collected 8629 gold pieces.
You spent 2455 gold pieces at shops.

Inventory:

Hand Weapons
 L - a +9 double sword of slicing (weapon)
Missiles
 d - 10 throwing nets (quivered)
Armour
 e - a +2 cloak of cold resistance (worn)
 o - a +2 shield of reflection (worn)
 t - a +2 helmet of see invisible (worn)
 x - a +2 pair of boots of flying (worn)
 X - the +3 chain mail "Koxzus" (worn) {Regen+ rCorr Int+4 Stlth-}
   (You found it on level 15 of the Dungeon)

   It affects your intelligence (+4).
   It increases your rate of regeneration.
   It provides partial protection from all sources of acid and corrosion.
   It makes you less stealthy.
Jewellery
 a - an amulet of guardian spirit (around neck)
 G - an uncursed ring of resist corrosion
 J - the ring of Maususk {rElec rC++ rN+ Dex+5}
   (You found it on level 3 of the Crypt)

   [ring of positive energy]

   It affects your dexterity (+5).
   It greatly protects you from cold.
   It insulates you from electricity.
   It protects you from negative energy.
 O - the ring "Cafuon" {*Contam rElec MR+++ Str+3 Dex+2}
   (You found it on level 5 of the Vaults)

   [ring of strength]

   It affects your strength (+3).
   It affects your dexterity (+2).
   It insulates you from electricity.
   It affects your resistance to hostile enchantments.
   It causes magical contamination when unequipped.
 Q - the ring of Itiff (right claw) {rF+ rC+ Int+2}
   (You bought it in a shop on level 5 of the Vaults)

   [ring of intelligence]

   It affects your intelligence (+2).
   It protects you from fire.
   It protects you from cold.
 R - the ring of Scepticism (left claw) {rPois rN+ MR+ Int+4 Slay+5}
   (You found it on level 3 of the Crypt)

   [ring of positive energy]

   It affects your intelligence (+4).
   It affects your accuracy and damage with ranged weapons and melee attacks
   (+5).
   It protects you from poison.
   It protects you from negative energy.
   It affects your resistance to hostile enchantments.
Wands
 n - a wand of iceblast (39)
 v - a wand of scattershot (6)
 B - a wand of acid (13)
 N - a wand of clouds (5)
Scrolls
 b - 7 scrolls of blinking
 j - a scroll of silence
 k - 29 scrolls of remove curse
 l - 12 scrolls of fog
 m - 6 scrolls of magic mapping
 w - 4 scrolls of immolation
 y - 11 scrolls of fear
 C - 3 scrolls of enchant armour
 F - 28 scrolls of teleportation
 T - 4 scrolls of brand weapon
 W - 2 scrolls of torment
 Y - a scroll of summoning
 Z - 7 scrolls of identify
Potions
 c - 3 potions of ambrosia
 i - 14 potions of flight
 q - 13 potions of lignification
 r - 6 potions of agility
 s - 8 potions of mutation
 u - a potion of berserk rage
 z - 3 potions of invisibility
 A - 12 potions of curing
 D - 2 potions of magic
 H - 13 potions of might
 I - 8 potions of haste
 K - 3 potions of cancellation
 P - 4 potions of heal wounds
 S - 6 potions of resistance
Miscellaneous
 g - a phial of floods
 V - a lightning rod (4/4)
Comestibles
 f - 73 rations


   Skills:
 + Level 25.0 Fighting
 - Level 16.0 Long Blades
 - Level 1.7 Throwing
 - Level 20.0 Armour
 - Level 20.0 Dodging
 - Level 15.0 Shields
 O Level 27 Invocations


You had 26 spell levels left.
You didn't know any spells.
Your spell library contained the following spells:

 Spells                   Type           Power        Failure   Level  Hunger
 Animate Skeleton         Necr           N/A          32%         1    ##.....
 Apportation              Tloc           #.....       32%         1    ##.....
 Beastly Appendage        Tmut           #.....       32%         1    ##.....
 Confusing Touch          Hex            #.....       32%         1    ##.....
 Corona                   Hex            #......      32%         1    ##.....
 Freeze                   Ice            #...         32%         1    ##.....
 Infusion                 Chrm           #...         32%         1    ##.....
 Magic Dart               Conj           #...         32%         1    ##.....
 Pain                     Necr           #...         32%         1    ##.....
 Sandblast                Erth           #.....       32%         1    ##.....
 Shock                    Conj/Air       #...         32%         1    ##.....
 Sting                    Tmut/Pois      #...         32%         1    ##.....
 Summon Butterflies       Summ           #.......     32%         1    ##.....
 Summon Small Mammal      Summ           #...         32%         1    ##.....
 Blink                    Tloc           N/A          43%         2    ###....
 Call Imp                 Summ           #.......     43%         2    ###....
 Corpse Rot               Necr/Air       N/A          43%         2    ###....
 Passwall                 Tmut/Erth      #.......     43%         2    ###....
 Poisonous Vapours        Pois/Air       #.....       43%         2    ###....
 Searing Ray              Conj           #.....       43%         2    ###....
 Shroud of Golubria       Chrm/Tloc      #.....       43%         2    ###....
 Slow                     Hex            #.......     43%         2    ###....
 Song of Slaying          Chrm           #.......     43%         2    ###....
 Sticks to Snakes         Tmut           #.......     43%         2    ###....
 Sublimation of Blood     Necr           #.........   43%         2    ###....
 Swiftness                Chrm/Air       #.......     43%         2    ###....
 Call Canine Familiar     Summ           #.......     67%         3    ####...
 Confuse                  Hex            #.......     67%         3    ####...
 Conjure Flame            Conj/Fire      #.......     67%         3    ####...
 Dazzling Flash           Conj/Hex       #.....       67%         3    ####...
 Gell's Gravitas          Tloc           #.........   67%         3    ####...
 Ignite Poison            Fire/Tmut/Pois #.......     67%         3    ####...
 Inner Flame              Hex/Fire       #.......     67%         3    ####...
 Mephitic Cloud           Conj/Pois/Air  #.......     67%         3    ####...
 Ozocubu's Armour         Chrm/Ice       #.......     67%         3    ####...
 Portal Projectile        Hex/Tloc       #.....       67%         3    ####...
 Recall                   Summ/Tloc      N/A          67%         3    ####...
 Regeneration             Chrm/Necr      #.........   67%         3    ####...
 Spectral Weapon          Hex/Chrm       #.......     67%         3    ####...
 Spider Form              Tmut/Pois      #.........   67%         3    ####...
 Static Discharge         Conj/Air       #.......     67%         3    ####...
 Stone Arrow              Conj/Erth      #.....       67%         3    ####...
 Summon Guardian Golem    Hex/Summ       #.......     67%         3    ####...
 Teleport Other           Tloc           #.......     67%         3    ####...
 Vampiric Draining        Necr           #.........   67%         3    ####...
 Airstrike                Air            #.........   97%         4    #####..
 Animate Dead             Necr           N/A          97%         4    #####..
 Cause Fear               Hex            #.........   97%         4    #####..
 Fulminant Prism          Conj/Hex       #.........   97%         4    #####..
 Hailstorm                Conj/Ice       #.......     97%         4    #####..
 Ice Form                 Ice/Tmut       #.......     97%         4    #####..
 Iskenderun's Mystic Bla  Conj/Tloc      #.......     97%         4    #####..
 Leda's Liquefaction      Hex/Erth       #.........   97%         4    #####..
 Petrify                  Tmut/Erth      #.......     97%         4    #####..
 Summon Ice Beast         Ice/Summ       #.......     97%         4    #####..
 Summon Lightning Spire   Summ/Air       #.......     97%         4    #####..
 Alistair's Intoxication  Tmut/Pois      #.......     100%        5    ######.
 Aura of Abjuration       Summ           #.........   100%        5    ######.
 Blade Hands              Tmut           #.........   100%        5    ######.
 Bolt of Magma            Conj/Fire/Erth #.........   100%        5    ######.
 Borgnjor's Vile Clutch   Necr/Erth      #.........   100%        5    ######.
 Dispel Undead            Necr           #.......     100%        5    ######.
 Excruciating Wounds      Chrm/Necr      #.........   100%        5    ######.
 Fireball                 Conj/Fire      #.........   100%        5    ######.
 Irradiate                Conj/Tmut      #.........   100%        5    ######.
 Iskenderun's Battlesphe  Conj/Chrm      #.......     100%        5    ######.
 Lightning Bolt           Conj/Air       #.........   100%        5    ######.
 Metabolic Englaciation   Hex/Ice        #.........   100%        5    ######.
 Silence                  Hex/Air        #.........   100%        5    ######.
 Summon Demon             Summ           #.........   100%        5    ######.
 Summon Forest            Summ/Tloc      #.........   100%        5    ######.
 Summon Mana Viper        Hex/Summ       #.......     100%        5    ######.
 Yara's Violent Unravell  Hex/Tmut       #.........   100%        5    ######.
 Death Channel            Necr           #.........   100%        6    #######
 Deflect Missiles         Chrm/Air       #.........   100%        6    #######
 Dispersal                Tloc           #.........   100%        6    #######
 Eringya's Noxious Bog    Tmut/Pois      #.........   100%        6    #######
 Hydra Form               Tmut           #.........   100%        6    #######
 Iron Shot                Conj/Erth      #.........   100%        6    #######
 Shadow Creatures         Summ           N/A          100%        6    #######
 Simulacrum               Ice/Necr       #.........   100%        6    #######
 Statue Form              Tmut/Erth      #........    100%        6    #######
 Dragon Form              Tmut           #.........   100%        7    #######
 Haunt                    Necr/Summ      #.........   100%        7    #######
 Malign Gateway           Summ/Tloc      #.........   100%        7    #######
 Orb of Destruction       Conj           #.........   100%        7    #######
 Summon Hydra             Summ           #.........   100%        7    #######
 Borgnjor's Revivificati  Necr           #.........   100%        8    #######
 Controlled Blink         Tloc           N/A          100%        8    #######
 Death's Door             Chrm/Necr      #.........   100%        8    #######
 Discord                  Hex            #.........   100%        8    #######
 Disjunction              Tloc           #.........   100%        8    #######
 Ignition                 Fire           #.........   100%        8    #######
 Infestation              Necr           #.........   100%        8    #######
 Necromutation            Tmut/Necr      #.........   100%        8    #######
 Shatter                  Erth           #.........   100%        9    #######
 Tornado                  Air            #.........   100%        9    #######


Dungeon Overview and Level Annotations

Branches:
Dungeon (15/15)            Temple (1/1) D:5            Lair (6/6) D:10
  Swamp (4/4) Lair:3       Spider (4/4) Lair:2        Slime (0/5) Lair:6
    Orc (2/2) D:10            Elf (3/3) Orc:2        Vaults (5/5) D:14
  Crypt (3/3) Vaults:3       Tomb (0/3) Crypt:3      Depths (5/5) D:15
    Zot (5/5) Depths:5      IceCv (visited)         Volcano (visited)

Altars:
Ashenzari
Cheibriados
Dithmenos
Elyvilon
Fedhas
Gozag
Kikubaaqudgha
Makhleb
Qazlal
Sif Muna
Trog
Uskayaw
Vehumet
Wu Jian
Xom
Yredelemnul
Beogh
Jiyva

Shops:
D:4 *   D:5 (   D:9 *   D:14 %*=   D:15 *   Orc:2 [[}(   Elf:1 :   Elf:3 *
Vaults:1 (*[   Vaults:3 (   Vaults:4 (*%   Vaults:5 =   Depths:1 *:*!

Portals:
Hell: Lair:6 Depths:1 Depths:2 Depths:3 Depths:4 Depths:5
Abyss: Depths:2 Depths:4
Pandemonium: Depths:3 Depths:4
Ziggurat: Depths:2
Trove: Depths:5 (lose all piety)

Annotations:
D:5 2 transporters, Chimkentus's ghost, amateur OpEE
Lair:3 3 runed translucent doors, Rowan's ghost, journeyman DrTm
Swamp:1 2 transporters
Elf:2 5 runed translucent doors
Crypt:1 1 runed translucent door, Onweuwn's ghost, veteran GrEE
Zot:1 2 transporters, Sidghi's ghost, legendary DrTm
Zot:3 3 runed translucent doors, Uprolal's ghost, master DgWz
Zot:4 26 runed doors


Innate Abilities, Weirdness & Mutations

You have claws for hands.
You frequently emit foul miasma when damaged in melee.
You are powered by pain.
You are extremely robust. (+30% HP)
You are immune to rotting.
Your movements are significantly less encumbered by armour. (ER -6)
You are dopey. (Int -2)
You occasionally shout uncontrollably at your foes.


Message History

You open the hobgoblin like a pillowcase!!!
You kill the hobgoblin!
The hobgoblin's corpse dissolves into shadows!
Unknown command.
You slash the shadow demon!
You kill the shadow demon!
Yredelemnul accepts your kill.
The dart slug dissolves into shadows!
The worm dissolves into shadows!
You feel your dexterity returning.
Your Fighting skill increases to level 25!
Unknown command.
There is a stone staircase leading up here.
You fly upwards.
There is a stone staircase leading down here.
You swap places.
There is a stone staircase leading up here.
You fly upwards.
There is a stone staircase leading down here.
There is a staircase leading out of the dungeon here.
You have escaped!

####.......#.##.#
####..#...##.##
#.##.#..^.#..#
#.(#...##.##.##
#...#......#..#####
#.....###.........#####
##...## #.###.........###
#...# #.########..#...##
#...# #@##..# ##..##..#
#...####V##..## ##.##...
#.....##.##...# ##.##.#.
#.#.#.##......####.....#.
##...#..##.....##...###...
##...###..#.......>########
#...## ##.######......#####
#.#.# #...# #>####....##
##.#.# ###.# ##.#######..#


You could see a friendly vampire knight.

Vanquished Creatures
  2 orbs of fire
  Mara (Depths:3)
  9 ancient liches
  Sojobo (Vaults:3)
  A juggernaut (Depths:3)
  Boris (Depths:3)
  2 Killer Klowns
  Frederick (Depths:3)
  3 curse toes
  4 caustic shrikes (Depths:5)
  Margery (Depths:4)
  Xtahua (Vaults:2)
  5 golden dragons
  Nikola (Spider:1)
  2 bone dragons (Abyss:3)
  A profane servitor (Abyss:3)
  A pandemonium lord (Zot:1)
  Jory (Depths:3)
  A Brimstone Fiend (Zot:2)
  An electric golem (Zot:5)
  11 liches
  A hellephant (Depths:5)
  Jorgrun (Elf:1)
  7 tentacled monstrosities
  14 Orb Guardians
  2 titans (Vaults:5)
  6 quicksilver dragons
  7 death cobs
  2 Executioners
  2 deep elf master archers (Elf:3)
  A deep elf blademaster (Elf:3)
  5 thorn hunters
  A tentacled starspawn (Abyss:3)
  11 storm dragons
  10 sphinxes
  2 ancient champions (Crypt:1)
  7 draconian monks
  Donald (Spider:2)
  4 shadow dragons
  9 tengu reavers
  11 fire giants
  9 frost giants
  A balrug (Zot:1)
  5 draconian knights
  An orc warlord (Orc:1)
  3 iron dragons
  Louise (Depths:4)
  2 emperor scorpions (Spider:4)
  A curse skull (Crypt:3)
  2 deep elf sorcerers (Elf:3)
  7 ghost moths
  21 vault wardens
  Aizul (Spider:2)
  4 draconian scorchers
  6 deep elf elementalists
  5 draconian annihilators
  4 draconian shifters
  5 draconian stormcallers
  10 ghouls
  4 war gargoyles
  14 ironheart preservers
  14 very ugly things
  3 reapers
  5 vampire knights
  9 entropy weavers
  5 green draconians
  19 stone giants
  4 white draconians (Zot:5)
  7 deep elf demonologists
  5 deep elf annihilators
  A lorocyproca (Depths:5)
  7 purple draconians
  9 black draconians
  7 spark wasps
  11 red draconians
  3 yellow draconians
  An eidolon (Crypt:2)
  19 ettins
  9 small abominations
  A merfolk impaler (Depths:3)
  8 yaktaur captains
  9 deep elf death magi
  10 fire dragons
  4 jiangshi
  8 deep elf high priests
  Josephine (D:11)
  Harold (D:11)
  4 rakshasas
  8 great orbs of eyes
  13 ogre magi
  3 ghost crabs
  9 hydras
  A hell beast (D:4)
  2 spriggan air magi
  5 ice dragons
  An anaconda (shapeshifter) (Vaults:5)
  A shambling mangrove (Swamp:2)
  31 two-headed ogres
  3 death knights
  35 vault guards
  10 centaur warriors
  14 dancing weapons
  2 death yaks (Lair:6)
  10 alligators
  8 deep troll shamans
  2 tengu warriors (D:15)
  12 deep troll earth magi
  A vampire mage (Crypt:1)
  A queen ant (Lair:4)
  6 orc high priests (Orc:2)
  14 deep elf knights
  4 spriggan berserkers
  A soul eater (Zot:3)
  32 hell knights
  A shadow wraith (Vaults:4)
  A sun demon (Zot:1)
  A wretched star (Abyss:3)
  2 sixfirhies
  A fire crab (shapeshifter) (Vaults:5)
  A storm dragon skeleton (Crypt:3)
  A death drake (Swamp:3)
  An iron troll (Depths:1)
  6 unseen horrors
  An infernal demonspawn (Zot:1)
  55 skeletal warriors
  28 deep trolls
  2 spectral hydras (Swamp:3)
  A spriggan druid (Swamp:4)
  A shadow demon (D:3)
  A deep troll (shapeshifter) (Vaults:5)
  10 swamp dragons
  An orange crystal statue (Elf:1)
  2 flayed ghosts
  An obsidian statue (Zot:5)
  A lindwurm (shapeshifter) (Depths:3)
  6 phantasmal warriors
  18 orc knights
  10 wizards
  16 deep elf archers
  2 wolf spider zombies
  7 harpies
  15 ironbrand convokers
  5 glowing orange brains
  An orb spider (shapeshifter) (Elf:2)
  8 necromancers
  7 orb spiders
  A tengu zombie (Vaults:1)
  52 deep elf magi
  22 wolf spiders
  Pikel (D:8)
  A sphinx skeleton (Vaults:4)
  36 ugly things
  An oklob plant (Lair:2)
  5 cyclopes
  5 orc sorcerers
  19 moths of wrath
  3 manticores
  A salamander (shapeshifter) (Depths:1)
  Maurice (D:12)
  3 centaur zombies
  An elephant (shapeshifter) (Depths:3)
  3 shadow dragon skeletons
  12 elephants (Lair:4)
  An iron dragon skeleton (Crypt:3)
  A black mamba (Lair:6)
  5 toenail golems (Volcano)
  11 vault sentinels
  A torpor snail (Lair:6)
  A black mamba (shapeshifter) (D:14)
  6 gargoyles
  A shock serpent skeleton (Crypt:3)
  A guardian serpent (shapeshifter) (Vaults:5)
  A storm dragon simulacrum (Vaults:3)
  4 smoke demons
  2 kobold demonologists
  2 orange demons
  2 human zombies
  12 spiny frogs
  2 yaktaurs (shapeshifter)
  7 demonic crawlers
  An efreet (Zot:2)
  4 centaur skeletons
  7 rime drakes
  57 yaktaurs
  A hellwing (Lair:6)
  4 swamp worm zombies (Swamp:3)
  8 komodo dragons
  A hellion (D:4)
  A death yak zombie (Crypt:2)
  12 freezing wraiths
  3 ice devils
  A grey draconian skeleton (Crypt:1)
  An entropy weaver simulacrum (Vaults:1)
  5 tengu conjurers
  4 red devils
  A green draconian skeleton (Crypt:2)
  A merfolk (D:10)
  A guardian mummy (Crypt:3)
  6 trolls
  8 polar bears (IceCv)
  12 jumping spiders
  A wolf spider simulacrum (Crypt:2)
  6 tyrant leeches
  16 hornets
  A jumping spider zombie (Crypt:2)
  An alligator zombie (Swamp:3)
  8 blink frogs
  A hydra skeleton (Crypt:2)
  11 bog bodies
  2 spectral swamp dragons (Swamp:3)
  A stone giant simulacrum (Vaults:3)
  20 slime creatures
  5 hippogriffs
  10 flying skulls (Crypt:2)
  16 wraiths
  6 shadows
  2 ettin skeletons (Crypt:3)
  A tarantella (shapeshifter) (Depths:3)
  A yak (shapeshifter) (Depths:1)
  9 spriggans
  An ushabti (Crypt:3)
  7 water elementals
  A fire dragon skeleton (Crypt:3)
  3 air elementals (Elf:1)
  4 fire bats (Lair:3)
  39 redbacks
  14 tarantellas
  7 wyverns
  26 fire elementals
  5 hogs
  4 basilisks
  49 yaks
  5 hungry ghosts
  3 tyrant leech zombies (Swamp:3)
  4 chaos spawn
  2 vampire mosquitoes (Swamp:1)
  12 swamp worms
  11 large abominations
  A warg (Vaults:2)
  A swamp worm (shapeshifter) (D:15)
  A water nymph zombie (Crypt:2)
  A harpy simulacrum (D:14)
  5 insubstantial wisps (Swamp:2)
  2 acid dragons
  10 soldier ants (Lair:4)
  Duvessa (D:7)
  A floating eye (Depths:2)
  5 water moccasins
  5 hell hounds
  4 sky beasts
  5 swamp drakes
  3 ice beasts
  9 porcupines
  A hornet zombie (D:10)
  A swamp dragon zombie (Swamp:4)
  A ghost crab zombie (Swamp:4)
  An eye of draining (shapeshifter) (Depths:4)
  56 orc warriors
  A black bear (shapeshifter) (Vaults:2)
  A manticore zombie (Crypt:2)
  A phantom (D:5)
  2 eyes of draining
  4 necrophages
  4 black bears (D:10)
  3 boggarts (Depths:4)
  A wolf (shapeshifter) (Depths:2)
  32 ogres
  17 wolves
  2 centaurs (shapeshifter)
  12 centaurs
  4 crocodiles
  Blork the orc (D:5)
  2 hippogriff zombies
  9 big kobolds
  A yaktaur zombie (Crypt:2)
  2 gnoll sergeants (D:10)
  25 bullfrogs
  An earth elemental (Elf:2)
  Dowan (D:7)
  An elf skeleton (Crypt:3)
  A water moccasin zombie (Crypt:1)
  A wyvern zombie (D:6)
  2 scorpions
  An orc simulacrum (Vaults:1)
  A troll zombie (Swamp:3)
  2 spriggan zombies
  4 killer bees (D:10)
  5 wights (Crypt:1)
  8 electric eels
  A howler monkey (D:4)
  7 crimson imps
  A quasit (D:9)
  An iron imp (Depths:5)
  9 hounds
  2 jellies
  26 orc wizards
  A bullfrog skeleton (D:11)
  32 orc priests
  2 gnoll shamans (D:10)
  2 iguanas
  A porcupine skeleton (Crypt:1)
  29 worker ants
  A naga skeleton (Crypt:3)
  A deep dwarf skeleton (Crypt:1)
  2 hound skeletons
  8 mummies (Crypt:3)
  A howler monkey zombie (Crypt:1)
  A worker ant zombie (D:7)
  A gnoll (D:10)
  20 adders
  A howler monkey skeleton (D:5)
  3 shadow imps
  13 white imps
  2 oozes
  8 worms
  2 dart slugs
  2 leopard geckos (D:5)
  70 orcs
  6 bats
  7 giant cockroaches
  3 goblins
  5 hobgoblins
  7 jackals
  22 kobolds
  3 quokkas
  3 ball pythons
  5 frilled lizards
  A hobgoblin zombie (Crypt:1)
  2 jackal skeletons
  A leopard gecko zombie (D:7)
  A quokka zombie (D:5)
  9 rats
  A rat zombie (Crypt:2)
  19 briar patches
  A crawling corpse (Elf:3)
  A fungus (Swamp:2)
  A starspawn tentacle (Abyss:3)
  2 withered plants
2185 creatures vanquished.

Vanquished Creatures (collateral kills)
  3 orbs of fire (Zot:5)
  A pandemonium lord (Depths:5)
  4 ancient liches (Zot:5)
  Boris (Depths:5)
  2 Killer Klowns (Zot:5)
  A caustic shrike (Depths:5)
  3 golden dragons
  A bone dragon (Crypt:3)
  Arachne (Spider:2)
  An electric golem (Zot:5)
  Rupert (Lair:4)
  4 tentacled monstrosities
  A lich (Depths:5)
  14 Orb Guardians (Zot:5)
  2 quicksilver dragons
  A death cob (Zot:5)
  3 shadow dragons
  A sphinx (Crypt:3)
  A tengu reaver (Vaults:5)
  A thorn hunter (Swamp:4)
  Roxanne (D:15)
  A storm dragon (Zot:1)
  Kirke (Lair:5)
  A draconian monk (Zot:1)
  4 fire giants
  2 frost giants
  A deep elf sorcerer (Depths:3)
  2 draconian scorchers
  A balrug (Zot:1)
  A vault warden (Vaults:4)
  An orc warlord (D:14)
  An emperor scorpion (Spider:4)
  2 ironheart preservers
  A ghoul (Crypt:2)
  3 very ugly things
  A draconian annihilator (Zot:5)
  An entropy weaver (Spider:4)
  3 black draconians
  A vampire knight (Depths:5)
  4 spark wasps
  Azrael (Elf:1)
  A white draconian (Zot:5)
  A purple draconian (Zot:5)
  2 yellow draconians (Zot:5)
  6 red draconians
  An ettin (Depths:3)
  3 deep elf death magi
  A jiangshi (Crypt:2)
  2 yaktaur captains
  5 fire dragons
  An ice dragon (Depths:5)
  A great orb of eyes (Depths:2)
  A vault guard (Vaults:4)
  14 hydras
  A shambling mangrove (Swamp:1)
  A rakshasa (Depths:1)
  A merfolk avatar (Swamp:1)
  2 ghost crabs
  2 ogre magi
  2 dancing weapons
  2 centaur warriors
  2 death knights
  A tengu warrior (D:14)
  4 alligators
  6 two-headed ogres
  5 death yaks (Lair:6)
  A deep troll shaman (Vaults:3)
  2 orc high priests
  A vampire mage (Depths:2)
  4 deep elf knights
  2 hell knights
  A flayed ghost (Crypt:2)
  An iron troll (Depths:4)
  8 skeletal warriors
  A storm dragon skeleton (Crypt:3)
  An entropy weaver zombie (Crypt:1)
  2 deep trolls
  A tengu zombie (Vaults:4)
  5 swamp dragons
  A spriggan druid (Swamp:4)
  3 wizards
  An unseen horror (D:12)
  3 deep elf archers
  A phantasmal warrior (Swamp:3)
  A necromancer (Swamp:3)
  A harpy (Vaults:5)
  3 orb spiders
  4 cyclopes
  8 deep elf magi
  4 wolf spiders
  4 orc knights
  2 oklob plants (Lair:2)
  9 ugly things
  7 elephants (Lair:4)
  A faun (shapeshifter) (Vaults:5)
  3 moths of wrath
  A centaur zombie (D:13)
  An ice statue (IceCv)
  4 spiny frogs
  2 black mambas
  A vault sentinel (Vaults:3)
  A smoke demon (Crypt:3)
  A black mamba (shapeshifter) (Depths:3)
  A torpor snail (Spider:4)
  A centaur skeleton (D:15)
  2 small abominations
  An efreet (D:15)
  A rime drake (Swamp:4)
  4 demonic crawlers
  A freezing wraith (Swamp:3)
  9 yaktaurs
  A yaktaur zombie (Depths:3)
  A guardian mummy (Crypt:3)
  2 komodo dragons
  A tengu conjurer (Depths:2)
  5 red devils
  15 jumping spiders
  A troll (D:14)
  7 polar bears (IceCv)
  2 tyrant leeches (Swamp:2)
  3 alligator zombies (Swamp:3)
  7 hippogriffs
  3 hornets
  6 blink frogs
  A meliai zombie (D:13)
  4 bog bodies
  9 slime creatures
  2 spectral swamp dragons (Swamp:3)
  17 redbacks
  3 water elementals
  2 spriggans
  A flying skull (Crypt:2)
  2 wraiths
  A shadow (D:12)
  A wyvern (D:14)
  A ynoxinul (Depths:5)
  15 yaks
  10 tarantellas
  2 hogs (Lair:5)
  4 fire elementals
  2 vampire mosquitoes (D:15)
  A hungry ghost (D:14)
  7 swamp worms
  A soldier ant (Lair:4)
  A hydra simulacrum (Crypt:2)
  An elf zombie (Vaults:1)
  2 spiny frog zombies (Swamp:3)
  A floating eye (Depths:4)
  A hell hound (Lair:6)
  4 water moccasins
  8 orc warriors
  2 sky beasts
  2 swamp drakes
  An ice beast (D:12)
  8 ogres
  2 black bears (D:10)
  4 wolves
  4 boggarts (Depths:1)
  A centaur (D:11)
  A crocodile (Lair:3)
  A big kobold (D:15)
  6 bullfrogs
  A troll zombie (Swamp:3)
  2 killer bees (D:10)
  4 electric eels
  A gnoll shaman (D:10)
  3 orc priests
  7 orc wizards
  5 worker ants
  A dwarf zombie (Crypt:1)
  A mummy (Crypt:3)
  A worker ant zombie (D:10)
  An adder (D:12)
  A shadow imp (D:14)
  12 orcs
  4 kobolds
  A quokka (D:11)
  A briar patch (Swamp:4)
  2 bushes
  18 fungi
  29 plants
  5 withered plants
556 creatures vanquished.

Vanquished Creatures (others)
  3 profane servitors
  A bone dragon (Zot:5)
  A titan (Vaults:5)
  An Orb Guardian (Zot:5)
  Asterion (Elf:1)
  A tengu reaver (Vaults:3)
  11 ghouls
  6 vampire knights
  A stone giant (Depths:5)
  A green draconian (Zot:4)
  A black draconian (Zot:4)
  2 very ugly thing zombies
  2 quicksilver dragon zombies
  A spectral human (Zot:5)
  3 storm dragon zombies
  18 skeletal warriors
  A spark wasp zombie (Depths:2)
  17 flayed ghosts
  An unseen horror (shapeshifter) (Depths:4)
  A sphinx zombie (Depths:4)
  A ghost moth zombie (Zot:5)
  A deep elf archer (Elf:2)
  2 stone giant zombies
  13 phantasmal warriors
  10 ugly thing zombies
  6 draconian zombies
  An orb spider (Spider:1)
  2 wolf spider zombies (Spider:4)
  2 fire giant zombies
  A dwarf zombie (Elf:1)
  A minotaur zombie (Elf:1)
  2 black draconian zombies
  2 white draconian zombies (Zot:5)
  A rime drake (Swamp:4)
  13 human zombies
  2 purple draconian zombies (Zot:5)
  3 red draconian zombies
  2 red draconian skeletons
  9 redback zombies
  4 yaktaurs
  A yellow draconian skeleton (Zot:4)
  2 ghoul skeletons (Crypt:1)
  A harpy zombie (Vaults:1)
  2 ettin zombies
  5 hydra zombies (Swamp:4)
  A moth of wrath zombie (Zot:5)
  2 tarantella zombies (Spider:4)
  3 jumping spider zombies
  2 ice dragon zombies
  4 flying skulls (Zot:5)
  An alligator zombie (Swamp:3)
  3 fire dragon zombies
  15 vampires
  3 wraiths
  An air elemental (Elf:2)
  A water elemental (Elf:3)
  11 elf zombies
  A fire elemental (Elf:1)
  6 deep troll zombies
  4 two-headed ogre zombies
  3 spiny frog zombies
  A deep troll skeleton (Depths:3)
  A human skeleton (D:14)
  3 swamp drakes
  An elephant zombie (Lair:4)
  5 hornet zombies
  A blink frog zombie (Swamp:2)
  A hog zombie (Lair:5)
  3 swamp dragon zombies
  9 elf skeletons
  A vampire mosquito zombie (D:15)
  A rime drake zombie (Swamp:4)
  13 yaktaur zombies
  2 wyvern zombies
  2 yaktaur skeletons
  A troll zombie (Orc:1)
  A warg zombie (Vaults:2)
  4 yak zombies
  A cyclops skeleton (Vaults:2)
  A polar bear zombie (IceCv)
  A spriggan zombie (Swamp:4)
  A tengu zombie (D:15)
  A tengu skeleton (Depths:2)
  3 wolf zombies
  A wight (Orc:2)
  A yak skeleton (Lair:4)
  5 centaur zombies
  3 bullfrog zombies
  2 bog body skeletons
  An orc wizard (Orc:1)
  A porcupine skeleton (Lair:4)
  2 killer bee zombies (D:10)
  A big kobold zombie (D:11)
  2 ogre zombies (Vaults:2)
  A necrophage skeleton (Crypt:2)
  2 mummies
  4 worker ant zombies (Lair:4)
  A scorpion zombie (D:10)
  3 swamp drake zombies
  31 orc zombies
  An adder skeleton (D:11)
  2 orcs
  A kobold (D:8)
  2 kobold zombies
  12 orc skeletons
  2 briar patches
  A crawling corpse (Elf:3)
  8 fungi
  5 plants
  2 starspawn tentacles (Abyss:3)
  5 withered plants
384 creatures vanquished.

Grand Total: 3125 creatures vanquished

Notes
Turn   | Place    | Note
-------+----------+-------------------------------------------
     0 | D:1      | grandjackal the Demonspawn Gladiator began the quest for
                  | the Orb.
     0 | D:1      | Reached XP level 1. HP: 16/16 MP: 1/1
   242 | D:1      | Gained mutation: You are immune to rotting. [demonic
                  | ancestry]
   242 | D:1      | Reached XP level 2. HP: 22/22 MP: 2/2
   682 | D:2      | Gained mutation: You may emit foul miasma when damaged in
                  | melee. [demonic ancestry]
   682 | D:2      | Reached XP level 3. HP: 25/28 MP: 3/3
  1163 | D:2      | Gained mutation: You sometimes gain a little power by
                  | taking damage. [demonic ancestry]
  1163 | D:2      | Reached XP level 4. HP: 31/34 MP: 4/4
  1886 | D:3      | Found a transporter.
  1922 | D:3      | Reached XP level 5. HP: 3/41 MP: 5/5
  2343 | D:3      | Found a transporter.
  2835 | D:3      | Found a roughly hewn altar of Beogh.
  2927 | D:4      | HP: 1/42 [orc wizard/+0 dagger (2)]
  3166 | D:4      | Reached XP level 6. HP: 26/48 MP: 6/6
  4058 | D:4      | Found Libunuk's Assorted Antiques.
  4064 | D:4      | Bought a scorched long sword for 187 gold pieces
  4064 | D:4      | Bought a scroll labeled XUBINE PAUSOXT for 22 gold pieces
  4064 | D:4      | Bought a scroll labeled ODWEODGH YGRI for 22 gold pieces
  4064 | D:4      | Bought a scroll labeled ODWEODGH YGRI for 22 gold pieces
  4064 | D:4      | Identified the +8 long sword "Tomas" {slice, rPois rN++ MR+
                  | Stlth-} (You bought it in a shop on level 4 of the Dungeon)
  4573 | D:4      | Bought a smoky amethyst potion for 19 gold pieces
  4583 | D:5      | Entered Level 5 of the Dungeon
  4595 | D:5      | Gained mutation: You have sharp fingernails. [demonic
                  | ancestry]
  4595 | D:5      | Reached XP level 7. HP: 52/55 MP: 7/7
  4601 | D:5      | Found a transporter.
  4602 | D:5      | Noticed Chimkentus's ghost (amateur OpEE)
  4741 | D:5      | Noticed Blork the orc
  4742 | D:5      | Reached skill level 5 in Long Blades
  4747 | D:5      | Reached skill level 5 in Dodging
  4750 | D:5      | Killed Blork the orc
  4750 | D:5      | Reached skill level 5 in Fighting
  4811 | D:5      | Found Tuof's Antique Weapon Shoppe.
  5042 | D:5      | Found a staircase to the Ecumenical Temple.
  5092 | D:5      | Found a transporter.
  5711 | Temple   | Entered the Ecumenical Temple
  5817 | Temple   | Became a worshipper of Yredelemnul the Dark
  5905 | D:6      | Gained mutation: Your movements are slightly less
                  | encumbered by armour. (ER -2) [demonic ancestry]
  5905 | D:6      | Reached XP level 8. HP: 54/63 MP: 8/8
  6101 | D:6      | Reached skill level 1 in Invocations
  6368 | D:6      | Found an opulent altar of Gozag.
  6457 | D:6      | Found a stormy altar of Qazlal.
  6611 | D:7      | Noticed Duvessa
  6611 | D:7      | Noticed Dowan
  6617 | D:7      | Killed Duvessa
  6617 | D:7      | Reached skill level 2 in Invocations
  6629 | D:7      | Killed Dowan
  7164 | D:7      | Reached skill level 3 in Invocations
  7378 | D:7      | Reached skill level 4 in Invocations
  7809 | D:8      | Gained mutation: You sometimes gain power by taking damage.
                  | [demonic ancestry]
  7809 | D:8      | Reached XP level 9. HP: 64/71 MP: 9/12
  7870 | D:8      | Noticed a two-headed ogre
  7876 | D:8      | Killed a two-headed ogre
  7876 | D:8      | Reached skill level 5 in Invocations
  8105 | D:8      | Noticed Pikel
  8116 | D:8      | Killed Pikel
  8116 | D:8      | Reached skill level 6 in Invocations
  8163 | D:8      | Reached * piety under Yredelemnul
  8792 | D:9      | Noticed Psyche
  8794 | D:9      | Noticed Psyche
  8794 | D:9      | Psyche changed into Psyche the wolf
  8799 | D:9      | Killed Psyche the wolf
  8905 | D:9      | Found an ornate altar of the Wu Jian Council.
  8933 | D:9      | Noticed a troll
  8939 | D:9      | Killed a troll
  8939 | D:9      | Reached skill level 7 in Invocations
  9142 | D:9      | Reached XP level 10. HP: 80/80 MP: 15/15
  9388 | D:9      | Found Reatzo's Assorted Antiques.
  9393 | D:9      | Bought a scroll labeled ODWEODGH YGRI for 26 gold pieces
  9393 | D:9      | Bought a scroll labeled MUCWO KIGATH for 26 gold pieces
  9708 | D:10     | Entered Level 10 of the Dungeon
  9757 | D:10     | Reached skill level 1 in Shields
  9919 | D:10     | Reached skill level 8 in Invocations
 10012 | D:10     | Reached ** piety under Yredelemnul
 10207 | D:10     | Found a staircase to the Orcish Mines.
 10215 | D:10     | Noticed a two-headed ogre
 10220 | D:10     | Killed a two-headed ogre
 10450 | D:10     | Noticed a two-headed ogre
 10462 | D:10     | Killed a two-headed ogre
 10462 | D:10     | Reached skill level 9 in Invocations
 10462 | D:10     | Reached XP level 11. HP: 54/89 MP: 17/17
 10774 | D:10     | Found a hide-covered altar of Uskayaw.
 11435 | D:10     | Found a staircase to the Lair.
 11824 | D:11     | Reached *** piety under Yredelemnul
 11915 | D:11     | Received a gift from Yredelemnul (a mummy)
 12217 | D:11     | Noticed a two-headed ogre
 12225 | D:11     | Killed a two-headed ogre
 12225 | D:11     | Reached skill level 10 in Invocations
 12227 | D:11     | Noticed a two-headed ogre
 12228 | D:11     | Noticed Josephine
 12239 | D:11     | Killed a two-headed ogre
 12239 | D:11     | Killed Josephine
 12321 | D:11     | Noticed Harold
 12329 | D:11     | Killed Harold
 12329 | D:11     | Reached skill level 10 in Fighting
 12329 | D:11     | Reached skill level 5 in Shields
 12592 | D:12     | Noticed a skeletal warrior
 12592 | D:12     | Noticed a skeletal warrior
 12593 | D:12     | Noticed a skeletal warrior
 12632 | D:11     | Killed a skeletal warrior
 12632 | D:11     | Reached XP level 12. HP: 41/97 MP: 14/19
 12978 | D:12     | Received a gift from Yredelemnul (a mummy)
 12982 | D:12     | Noticed a centaur warrior
 12998 | D:12     | Killed a centaur warrior
 13111 | D:12     | Noticed Maurice
 13120 | D:12     | Killed Maurice
 13120 | D:12     | Reached skill level 11 in Invocations
 13453 | D:12     | Received a gift from Yredelemnul (a wraith)
 13486 | D:12     | Reached **** piety under Yredelemnul
 13619 | D:12     | Reached skill level 10 in Dodging
 13707 | D:12     | Received a gift from Yredelemnul (4 flying skulls)
 14062 | Orc:1    | Entered Level 1 of the Orcish Mines
 14070 | Orc:1    | Reached skill level 10 in Long Blades
 14503 | Orc:1    | Noticed an orc warlord
 14522 | Orc:1    | Received a gift from Yredelemnul (a vampire)
 14523 | Orc:1    | Killed an orc warlord
 14841 | Orc:1    | Reached skill level 12 in Invocations
 15005 | Orc:1    | Found a roughly hewn altar of Beogh.
 15015 | Orc:1    | Noticed an orc high priest
 15023 | Orc:1    | Killed an orc high priest
 15023 | Orc:1    | Reached XP level 13. HP: 65/106 MP: 22/22
 15360 | Orc:2    | Entered Level 2 of the Orcish Mines
 15375 | Orc:2    | Received a gift from Yredelemnul (a wraith)
 15906 | Orc:2    | Found a staircase to the Elven Halls.
 15912 | Orc:2    | Received a gift from Yredelemnul (a wraith)
 16811 | Orc:2    | Received a gift from Yredelemnul (a vampire)
 16811 | Orc:2    | Received a gift from Yredelemnul (a wight)
 17623 | Orc:2    | Found Sixa's Antique Weapon Emporium.
 17623 | Orc:2    | Found Nokedich's Gadget Emporium.
 17624 | Orc:2    | Found Jaceecox's Armour Shoppe.
 17624 | Orc:2    | Found Lyud Rac's Antique Armour Emporium.
 17814 | Lair:1   | Entered Level 1 of the Lair of Beasts
 17834 | Lair:1   | Found a frozen archway.
 18025 | IceCv    | Entered an ice cave
 18070 | IceCv    | Reached skill level 13 in Invocations
 18070 | IceCv    | Received a gift from Yredelemnul (a phantasmal warrior)
 18841 | IceCv    | Noticed a frost giant
 18852 | IceCv    | Killed a frost giant
 19473 | Lair:1   | Gained mutation: You have very sharp fingernails. [demonic
                  | ancestry]
 19473 | Lair:1   | Reached XP level 14. HP: 107/114 MP: 22/24
 19972 | Lair:2   | Found a dark tunnel.
 19981 | Volcano  | Entered a volcano
 20267 | Volcano  | Reached ***** piety under Yredelemnul
 20267 | Volcano  | Received a gift from Yredelemnul (a phantasmal warrior)
 20267 | Volcano  | Received a gift from Yredelemnul (a flayed ghost)
 20756 | Lair:2   | Found a hole to the Spider Nest.
 21395 | Lair:3   | Received a gift from Yredelemnul (a vampire)
 21728 | Lair:3   | Found a runed translucent gate.
 21728 | Lair:3   | Found a runed translucent gate.
 21728 | Lair:3   | Found a runed translucent gate.
 21732 | Lair:3   | Noticed Rowan's ghost (journeyman DrTm)
 21737 | Lair:3   | Found a viscous altar of Jiyva.
 21777 | Lair:3   | Reached skill level 14 in Invocations
 21900 | Lair:3   | Received a gift from Yredelemnul (a skeletal warrior)
 22140 | Lair:3   | Found a staircase to the Swamp.
 22697 | Lair:4   | Noticed Rupert
 22721 | Lair:4   | Killed Rupert
 22891 | Lair:4   | Received a gift from Yredelemnul (a skeletal warrior)
 23066 | Lair:4   | Noticed an entropy weaver
 23066 | Lair:4   | Noticed an entropy weaver
 23090 | Lair:4   | Received a gift from Yredelemnul (a vampire knight)
 23103 | Lair:4   | Received a gift from Yredelemnul (a phantasmal warrior)
 23103 | Lair:4   | Received a gift from Yredelemnul (a ghoul)
 23115 | Lair:4   | Killed an entropy weaver
 23119 | Lair:4   | Killed an entropy weaver
 23119 | Lair:4   | Gained mutation: You have claws for hands. [demonic
                  | ancestry]
 23119 | Lair:4   | Reached XP level 15. HP: 96/122 MP: 2/25
 24353 | Lair:5   | Noticed Kirke
 24371 | Lair:5   | Killed Kirke
 24516 | Lair:5   | Received a gift from Yredelemnul (a bone dragon)
 24951 | Lair:6   | Entered Level 6 of the Lair of Beasts
 24951 | Lair:6   | Found a viscous altar of Jiyva.
 24951 | Lair:6   | Found a staircase to the Slime Pits.
 25288 | Lair:6   | Reached skill level 15 in Invocations
 25605 | Lair:6   | Found a burning altar of Makhleb.
 25620 | Lair:6   | Received a gift from Yredelemnul (a profane servitor)
 25651 | Lair:6   | Found a gateway to Hell.
 25938 | Lair:6   | Reached skill level 10 in Shields
 26135 | Lair:6   | Received a gift from Yredelemnul (a phantasmal warrior)
 26791 | D:13     | Received a gift from Yredelemnul (a phantasmal warrior)
 26791 | D:13     | Identified a scroll of acquirement
 27610 | D:14     | Found Itoamn's Jewellery Shop.
 27615 | D:14     | Found Cies Fop's Assorted Antiques.
 27674 | D:14     | Found Qyjum's Food Shop.
 27707 | D:14     | Got a translucent hat
 27718 | D:14     | Identified the +1 hat "Nidoin" {Str+4 Int-2 Dex+6} (You
                  | acquired it on level 14 of the Dungeon)
 27856 | D:14     | Received a gift from Yredelemnul (a flayed ghost)
 27994 | D:14     | Identified the +3 war axe "Ogaclo" {venom, Int+2}
 27994 | D:14     | Noticed an orc warlord
 28008 | D:14     | Killed an orc warlord
 28012 | D:14     | Reached ****** piety under Yredelemnul
 28012 | D:14     | Received a gift from Yredelemnul (a flayed ghost)
 28222 | D:14     | Gained mutation: Your movements are less encumbered by
                  | armour. (ER -4) [demonic ancestry]
 28222 | D:14     | Reached XP level 16. HP: 88/132 MP: 17/27
 28456 | D:14     | Found a gate to the Vaults.
 28814 | D:14     | Found the +2 pair of boots of the Assassin {Detection Stab+
                  | Stlth++}
 28832 | D:15     | Entered Level 15 of the Dungeon
 28864 | D:15     | Received a gift from Yredelemnul (a flayed ghost)
 28958 | D:15     | Reached skill level 16 in Invocations
 29253 | D:15     | Received a gift from Yredelemnul (a ghoul)
 29268 | D:15     | Received a gift from Yredelemnul (a profane servitor)
 29317 | D:15     | Found Ezisch's Assorted Antiques.
 29447 | D:15     | Identified Roxanne's Tome of the Rocks
 29447 | D:15     | Noticed Roxanne
 29467 | D:15     | Killed Roxanne
 29560 | D:15     | Bought 3 fuming golden potions for 94 gold pieces
 29601 | D:15     | Identified the +3 chain mail "Koxzus" {Regen+ rCorr Int+4
                  | Stlth-} (You found it on level 15 of the Dungeon)
 29715 | D:15     | Found a staircase to the Depths.
 30235 | Swamp:1  | Entered Level 1 of the Swamp
 30254 | Swamp:1  | Got a coiled steel amulet
 30255 | Swamp:1  | Identified the amulet of Ekleturgho {Inacc rElec rN+} (You
                  | found it on level 1 of the Swamp)
 30284 | Swamp:1  | Received a gift from Yredelemnul (a flayed ghost)
 30336 | Swamp:1  | Paralysed by a hornet for 1 turns
 30388 | Swamp:1  | Found a transporter.
 30509 | Swamp:1  | Reached skill level 1 in Armour
 30724 | Swamp:1  | Received a gift from Yredelemnul (a flayed ghost)
 31216 | Swamp:1  | Found a transporter.
 31355 | Swamp:1  | Got a warped great sword
 31540 | Swamp:2  | Received a gift from Yredelemnul (a phantasmal warrior)
 31792 | Swamp:2  | Noticed a thorn hunter
 31802 | Swamp:2  | Killed a thorn hunter
 31802 | Swamp:2  | Received a gift from Yredelemnul (a phantasmal warrior)
 32164 | Swamp:2  | You fall into a shaft and drop 1 floor!
 32581 | Swamp:3  | Noticed a thorn hunter
 32612 | Swamp:3  | Killed a thorn hunter
 32995 | Swamp:3  | Noticed a thorn hunter
 33014 | Swamp:3  | Killed a thorn hunter
 33728 | Swamp:3  | Received a gift from Yredelemnul (a ghoul)
 33908 | Swamp:3  | Received a gift from Yredelemnul (a phantasmal warrior)
 34034 | Swamp:3  | Identified the Papyrus of Helpful Envenoming
 34073 | Swamp:3  | Reached XP level 17. HP: 113/140 MP: 23/29
 34447 | Swamp:4  | Entered Level 4 of the Swamp
 34535 | Swamp:4  | Reached skill level 17 in Invocations
 34982 | Swamp:4  | HP: 7/140 [spectral anaconda[a ghost crab] (9)]
 35415 | Swamp:4  | Got a decaying rune of Zot
 35448 | Swamp:4  | Received a gift from Yredelemnul (a flayed ghost)
 35526 | Swamp:4  | Received a gift from Yredelemnul (a ghoul)
 35547 | Swamp:4  | Reached skill level 5 in Armour
 36294 | Spider:1 | Entered Level 1 of the Spider Nest
 36306 | Spider:1 | Noticed Nikola
 36338 | Spider:1 | Killed Nikola
 36450 | Spider:1 | Received a gift from Yredelemnul (a vampire)
 36456 | Spider:1 | Reached skill level 15 in Fighting
 36860 | Spider:2 | Noticed Donald
 36887 | Spider:2 | Killed Donald
 37145 | Spider:2 | Noticed Arachne
 37149 | Spider:2 | Noticed Frances
 37175 | Spider:2 | Killed Frances
 37175 | Spider:2 | Enslaved Frances
 37185 | Spider:2 | Your ally Donald died
 37187 | Spider:2 | Killed Arachne
 38059 | Spider:2 | Noticed Aizul
 38068 | Spider:2 | Killed Aizul
 38486 | Spider:3 | Received a gift from Yredelemnul (a skeletal warrior)
 38592 | Spider:3 | Identified the Collected Works on Venom and Attacks
 38904 | Spider:4 | Entered Level 4 of the Spider Nest
 39129 | Spider:4 | Reached skill level 18 in Invocations
 39559 | Spider:4 | Reached XP level 18. HP: 138/149 MP: 31/31
 39569 | Spider:4 | Received a gift from Yredelemnul (a skeletal warrior)
 40041 | Spider:4 | Received a gift from Yredelemnul (a vampire knight)
 40115 | Spider:4 | Received a gift from Yredelemnul (a ghoul)
 40310 | Spider:4 | Received a gift from Yredelemnul (a vampire)
 40324 | Spider:4 | Got a gossamer rune of Zot
 41045 | Elf:1    | Entered Level 1 of the Elven Halls
 41072 | Elf:1    | Noticed Asterion
 41125 | Elf:1    | Killed Asterion
 41580 | Elf:1    | Found Fuclirupp's Book Boutique.
 42374 | Elf:1    | Your ally Asterion died
 42507 | Elf:1    | Noticed Jorgrun
 42520 | Elf:1    | Killed Jorgrun
 42574 | Elf:1    | Noticed Azrael
 42603 | Elf:1    | Killed Azrael
 43213 | Elf:1    | Your ally Jorgrun died
 43425 | Elf:2    | Received a gift from Yredelemnul (a vampire)
 43809 | Elf:2    | Received a gift from Yredelemnul (a ghoul)
 44233 | Elf:2    | Received a gift from Yredelemnul (a phantasmal warrior)
 44236 | Elf:2    | Found a huge runed translucent gate.
 44236 | Elf:2    | Found a huge runed translucent gate.
 44236 | Elf:2    | Found a huge runed translucent gate.
 44236 | Elf:2    | Found a huge runed translucent gate.
 44238 | Elf:2    | Found a huge runed translucent gate.
 44411 | Elf:3    | Entered Level 3 of the Elven Halls
 44418 | Elf:3    | Found Rinu's General Store.
 44527 | Elf:3    | Found a shimmering blue altar of Sif Muna.
 44573 | Elf:3    | Reached skill level 19 in Invocations
 44573 | Elf:3    | Gained mutation: You frequently emit foul miasma when
                  | damaged in melee. [demonic ancestry]
 44573 | Elf:3    | Reached XP level 19. HP: 122/157 MP: 26/32
 44637 | Elf:3    | HP: 2/157 [fire elemental][a deep elf mage] (14)]
 44994 | Elf:3    | Reached skill level 15 in Long Blades
 45051 | Elf:3    | Noticed a Brimstone Fiend
 45085 | Elf:3    | Received a gift from Yredelemnul (a phantasmal warrior)
 45749 | Elf:3    | Identified the cursed ring of Saozusy {rC++ EV-2 Int-2
                  | Dex-4 Stlth+}
 46217 | Elf:3    | Identified the +7 great sword "Beetlebane" {drain, -Tele
                  | rF+ rN+}
 46217 | Elf:3    | Identified the ring "Uchael Jubby" {rN+ MR+}
 46612 | Elf:3    | Identified the Disquisition on the Mountains
 46615 | Elf:3    | Got a scorched bronze amulet
 46616 | Elf:3    | Identified the amulet "Otaonela" {Gourm MR+ Str+4} (You
                  | found it on level 3 of the Elven Halls)
 46945 | Vaults:1 | Entered Level 1 of the Vaults
 47010 | Vaults:1 | Received a gift from Yredelemnul (a phantasmal warrior)
 47051 | Vaults:1 | Found Tippeps's Assorted Antiques.
 47058 | Vaults:1 | Bought 2 scrolls of blinking for 510 gold pieces
 47058 | Vaults:1 | Bought a potion of heal wounds for 170 gold pieces
 47198 | Vaults:1 | Found Lanerox's Antique Weapon Shop.
 47367 | Vaults:1 | Found Luhaonee's Armour Shoppe.
 47378 | Vaults:1 | Bought a +2 helmet of see invisible for 430 gold pieces
 47442 | Vaults:1 | Received a gift from Yredelemnul (a skeletal warrior)
 47602 | Vaults:1 | Received a gift from Yredelemnul (a ghoul)
 48235 | Vaults:2 | Gained mutation: You are robust. (+10% HP) [demonic
                  | ancestry]
 48235 | Vaults:2 | Reached XP level 20. HP: 146/182 MP: 28/33
 48367 | Vaults:2 | Received a gift from Yredelemnul (a vampire)
 48441 | Vaults:2 | Reached skill level 20 in Invocations
 48518 | Vaults:2 | Reached skill level 10 in Armour
 48800 | Vaults:2 | Received a gift from Yredelemnul (a flayed ghost)
 48886 | Vaults:2 | Noticed Xtahua
 48904 | Vaults:2 | Killed Xtahua
 49468 | Vaults:2 | Received a gift from Yredelemnul (a vampire knight)
 49579 | Vaults:3 | Received a gift from Yredelemnul (a flayed ghost)
 49760 | Vaults:3 | Identified Sif Muna's Grimoire of the Voyage
 49930 | Vaults:3 | Noticed Sojobo
 49963 | Vaults:3 | Killed Sojobo
 50011 | Vaults:3 | Found a staircase to the Crypt.
 50011 | Vaults:3 | Found a basalt altar of Yredelemnul.
 50012 | Vaults:3 | Found an ancient bone altar of Kikubaaqudgha.
 50070 | Vaults:3 | Received a gift from Yredelemnul (a ghoul)
 50168 | Vaults:3 | Reached skill level 15 in Shields
 50361 | Vaults:3 | Reached skill level 21 in Invocations
 50517 | Vaults:3 | Found Sotzaeq's Antique Weapon Shoppe.
 50740 | Vaults:3 | Received a gift from Yredelemnul (a vampire)
 50741 | Vaults:3 | Gained mutation: You are powered by pain. [demonic
                  | ancestry]
 50741 | Vaults:3 | Reached XP level 21. HP: 110/193 MP: 19/35
 51089 | Vaults:4 | Received a gift from Yredelemnul (a skeletal warrior)
 51305 | Vaults:4 | Found Beva's Food Shop.
 51310 | Vaults:4 | Received a gift from Yredelemnul (a ghoul)
 51454 | Vaults:4 | Found Lyatt's Assorted Antiques.
 51632 | Vaults:4 | Received a gift from Yredelemnul (a vampire)
 51695 | Vaults:4 | Received a gift from Yredelemnul (a skeletal warrior)
 51830 | Vaults:4 | Found Pamu's Weapon Boutique.
 52274 | Vaults:4 | Received a gift from Yredelemnul (a skeletal warrior)
 52517 | Crypt:1  | Entered Level 1 of the Crypt
 53157 | Crypt:1  | Found a runed translucent door.
 53157 | Crypt:1  | Noticed Onweuwn's ghost (veteran GrEE)
 53215 | Crypt:1  | Received a gift from Yredelemnul (a skeletal warrior)
 53711 | Crypt:2  | Received a gift from Yredelemnul (a flayed ghost)
 54005 | Crypt:2  | Received a gift from Yredelemnul (a skeletal warrior)
 54037 | Crypt:2  | Reached skill level 22 in Invocations
 54376 | Crypt:3  | Entered Level 3 of the Crypt
 54425 | Crypt:3  | Received a gift from Yredelemnul (a ghoul)
 54707 | Crypt:3  | Gained mutation: You are very robust. (+20% HP) [demonic
                  | ancestry]
 54707 | Crypt:3  | Reached XP level 22. HP: 158/222 MP: 29/37
 54833 | Crypt:3  | Got a scintillating tin ring
 54833 | Crypt:3  | Got a brightly glowing copper ring
 54833 | Crypt:3  | Got a glittering silver ring
 54834 | Crypt:3  | Identified the ring of Mongin {rN+ Str+3} (You found it on
                  | level 3 of the Crypt)
 54835 | Crypt:3  | Identified the ring of Maususk {rElec rC++ rN+ Dex+5} (You
                  | found it on level 3 of the Crypt)
 54836 | Crypt:3  | Identified the ring of Scepticism {rPois rN+ MR+ Int+4
                  | Slay+5} (You found it on level 3 of the Crypt)
 55045 | Crypt:3  | Found the +4 skin of Zhor {Hibernate rC+++ SInv}
 55217 | Crypt:3  | Noticed an ancient lich
 55226 | Crypt:3  | Killed an ancient lich
 55595 | Crypt:3  | Found a staircase to the Tomb.
 55608 | Crypt:3  | Noticed an ancient lich
 55618 | Crypt:3  | Killed an ancient lich
 55618 | Crypt:3  | Received a gift from Yredelemnul (a ghoul)
 55634 | Crypt:3  | Identified the Reference Book on Stolen Souls
 55694 | Crypt:3  | Noticed an ancient lich
 55701 | Crypt:3  | Killed an ancient lich
 56309 | Vaults:5 | Entered Level 5 of the Vaults
 56315 | Vaults:5 | Received a gift from Yredelemnul (a skeletal warrior)
 56315 | Vaults:5 | Received a gift from Yredelemnul (a phantasmal warrior)
 56478 | Vaults:5 | Noticed a golden dragon
 56558 | Vaults:5 | Reached skill level 15 in Dodging
 56560 | Vaults:5 | Killed a golden dragon
 56560 | Vaults:5 | Reached skill level 23 in Invocations
 56561 | Vaults:5 | Received a gift from Yredelemnul (a vampire knight)
 56561 | Vaults:5 | Received a gift from Yredelemnul (a ghoul)
 56561 | Vaults:5 | Received a gift from Yredelemnul (a skeletal warrior)
 56561 | Vaults:5 | Reached XP level 23. HP: 91/232 MP: 38/38
 56634 | Vaults:5 | Received a gift from Yredelemnul (a skeletal warrior)
 56930 | Vaults:5 | Noticed an ancient lich
 56937 | Vaults:5 | Killed an ancient lich
 57014 | Vaults:5 | Reached skill level 15 in Armour
 57018 | Vaults:5 | Received a gift from Yredelemnul (a flayed ghost)
 57038 | Vaults:5 | Identified the +3 plate armour of Objectivity {-Tele rF+
                  | Int+4} (You found it on level 5 of the Vaults)
 57268 | Vaults:5 | Identified the cursed +0 chain mail of Kleptomania {rElec
                  | rC+ Dex-4} (You found it on level 5 of the Vaults)
 57306 | Vaults:5 | Found the +8 trident of the Octopus King {venom, rElec
                  | rPois MR+}
 57312 | Vaults:5 | Got a faintly glowing graven amulet
 57313 | Vaults:5 | Identified the amulet of Asmagev {Harm *Drain *Slow Str+5
                  | Int+6} (You found it on level 5 of the Vaults)
 57398 | Vaults:5 | Received a gift from Yredelemnul (a vampire)
 57441 | Vaults:5 | Got a silver rune of Zot
 57642 | Vaults:5 | Got a coiled platinum ring
 57643 | Vaults:5 | Identified the ring "Cafuon" {*Contam rElec MR+++ Str+3
                  | Dex+2} (You found it on level 5 of the Vaults)
 57692 | Vaults:5 | Identified the Disquisition on Flying Boosts
 57713 | Vaults:5 | Identified the +7 morningstar of the Throat {crush, +Inv
                  | rN++ Int-5 Dex+2}
 57814 | Vaults:5 | Found Juwais's Jewellery Shop.
 57821 | Vaults:5 | Bought the ring of Itiff {rF+ rC+ Int+2} for 342 gold
                  | pieces
 58015 | Vaults:5 | Received a gift from Yredelemnul (a skeletal warrior)
 58047 | Vaults:5 | Got a coiled amber ring
 58048 | Vaults:5 | Identified the ring "Xurat" {Ice Str+3} (You found it on
                  | level 5 of the Vaults)
 58266 | Depths:1 | Entered Level 1 of the Depths
 58384 | Depths:1 | Reached skill level 24 in Invocations
 58526 | Depths:1 | Received a gift from Yredelemnul (a vampire)
 58646 | Depths:1 | Received a gift from Yredelemnul (a vampire)
 58740 | Depths:1 | Found Epteh's Distillery.
 58740 | Depths:1 | Found Fasowki's Assorted Antiques.
 58741 | Depths:1 | Found Zerus's Assorted Antiques.
 58744 | Depths:1 | Found Nemm's Book Boutique.
 58753 | Depths:1 | Bought a potion of resistance for 130 gold pieces
 58753 | Depths:1 | Bought a potion of resistance for 130 gold pieces
 58753 | Depths:1 | Bought a potion of resistance for 130 gold pieces
 58753 | Depths:1 | Bought a potion of heal wounds for 65 gold pieces
 58753 | Depths:1 | Bought a potion of haste for 130 gold pieces
 58769 | Depths:1 | Gained mutation: Your movements are significantly less
                  | encumbered by armour. (ER -6) [demonic ancestry]
 58769 | Depths:1 | Reached XP level 24. HP: 238/244 MP: 38/39
 58875 | Depths:2 | Found a one-way gate to the infinite horrors of the Abyss.
 58899 | Depths:2 | Received a gift from Yredelemnul (a vampire knight)
 59163 | Depths:2 | Identified the +10 plate armour "Fiejimoz" {*Slow rPois
                  | Str+4} (You found it on level 2 of the Depths)
 59233 | Depths:2 | Received a gift from Yredelemnul (a skeletal warrior)
 59584 | Depths:2 | Found a gateway to a ziggurat.
 59925 | Depths:2 | Found a burning altar of Makhleb.
 59947 | Depths:2 | Identified the +1 rapier of Doem {pierce, Stlth+}
 59954 | Depths:2 | Identified the +1 shortbow "Buzob" {freeze, *Slow MR+ Str+4
                  | Dex+4}
 59969 | Depths:2 | Received a gift from Yredelemnul (a skeletal warrior)
 59986 | Depths:2 | Identified Vulaphum's Tome of Flamy Ice
 60314 | Depths:3 | Noticed Jory
 60353 | Depths:3 | Killed Jory
 60442 | Depths:3 | Noticed Boris
 60458 | Depths:3 | Killed Boris
 60658 | Depths:3 | Found a one-way gate leading to the halls of Pandemonium.
 60873 | Depths:3 | Received a gift from Yredelemnul (a flayed ghost)
 60916 | Depths:3 | Reached skill level 25 in Invocations
 61091 | Depths:3 | Noticed a juggernaut
 61095 | Depths:3 | Received a gift from Yredelemnul (a vampire knight)
 61096 | Depths:3 | Noticed Mara
 61103 | Depths:3 | Killed a juggernaut
 61104 | Depths:3 | Noticed grandjackal's illusion
 61124 | Depths:3 | HP: 12/249 [poisoned by Mara]
 61129 | Depths:3 | HP: 11/249 [poisoned by Mara]
 61134 | Depths:3 | HP: 11/249 [poisoned by Mara]
 61425 | Depths:3 | Noticed grandjackal's illusion
 61449 | Depths:3 | Killed Mara
 61629 | Depths:3 | Noticed Frederick
 61649 | Depths:3 | Killed Frederick
 61649 | Depths:3 | Gained mutation: You are extremely robust. (+30% HP)
                  | [demonic ancestry]
 61649 | Depths:3 | Reached XP level 25. HP: 240/278 MP: 38/39
 61904 | Depths:4 | Noticed Louise
 61911 | Depths:4 | Noticed Margery
 61920 | Depths:4 | Killed Louise
 61939 | Depths:4 | Killed Margery
 61984 | Depths:4 | Received a gift from Yredelemnul (a phantasmal warrior)
 62000 | Depths:4 | Paralysed by a floating eye for 3 turns
 62045 | Depths:4 | Identified the Papyrus of Shifting Displacement
 62448 | Depths:4 | Identified the Volume of Mutagenic Hexes
 62468 | Depths:5 | Entered Level 5 of the Depths
 62547 | Depths:5 | Received a gift from Yredelemnul (a skeletal warrior)
 62646 | Depths:5 | Found a portal to a secret trove of treasure.
 62814 | Depths:5 | Found a gate to the Realm of Zot.
 62886 | Depths:5 | Reached skill level 26 in Invocations
 62931 | Depths:5 | Received a gift from Yredelemnul (a flayed ghost)
 63263 | Depths:5 | Received a gift from Yredelemnul (a flayed ghost)
 63338 | Zot:1    | Entered Level 1 of the Realm of Zot
 63505 | Zot:1    | Noticed a shard shrike
 63512 | Zot:1    | Found a transporter.
 63522 | Zot:1    | Noticed a shard shrike
 63522 | Zot:1    | Noticed a shard shrike
 63527 | Zot:1    | Noticed Sidghi's ghost (legendary DrTm)
 63565 | Zot:1    | Received a gift from Yredelemnul (a phantasmal warrior)
 63789 | Zot:1    | Found a transporter.
 63847 | Zot:1    | Reached XP level 26. HP: 271/293 MP: 37/40
 63880 | Zot:1    | Noticed an orb of fire
 63882 | Zot:1    | Gained mutation: You occasionally shout uncontrollably at
                  | your foes. [an orb of fire]
 63887 | Zot:1    | Gained mutation: Your spells are a little easier to cast,
                  | but a little less powerful. [an orb of fire]
 63893 | Zot:1    | Gained mutation: You tend to lose your temper in combat.
                  | [an orb of fire]
 63900 | Zot:1    | Killed an orb of fire
 63900 | Zot:1    | Reached skill level 27 in Invocations
 64787 | Zot:2    | Received a gift from Yredelemnul (a vampire)
 64869 | Zot:2    | Cast into level 3 of the Abyss (red draconian)
 64869 | Abyss:3  | Found a corrupted altar of Lugonu.
 64869 | Abyss:3  | Found a corrupted altar of Lugonu.
 65050 | Zot:2    | Escaped the Abyss
 65057 | Zot:2    | Received a gift from Yredelemnul (a skeletal warrior)
 65218 | Zot:2    | Received a gift from Yredelemnul (a flayed ghost)
 65899 | Zot:3    | Received a gift from Yredelemnul (a flayed ghost)
 66124 | Zot:3    | Noticed Uprolal's ghost (master DgWz)
 66148 | Zot:3    | Found a runed translucent gate.
 66148 | Zot:3    | Found a runed translucent gate.
 66150 | Zot:3    | Found a runed translucent gate.
 66583 | Zot:4    | Noticed an orb of fire
 66594 | Zot:4    | Gained mutation: You are weak. (Str -2) [an orb of fire]
 66608 | Zot:4    | Killed an orb of fire
 66930 | Zot:4    | Received a gift from Yredelemnul (a skeletal warrior)
 67166 | Zot:4    | Found a huge runed gate.
 67166 | Zot:4    | Found a huge runed gate.
 67166 | Zot:4    | Found a huge runed gate.
 67166 | Zot:4    | Found a huge runed gate.
 67167 | Zot:4    | Found a huge runed gate.
 67167 | Zot:4    | Found a huge runed gate.
 67168 | Zot:4    | Found a huge runed gate.
 67169 | Zot:4    | Found a huge runed gate.
 67172 | Zot:4    | Found a huge runed gate.
 67182 | Zot:4    | Found a huge runed gate.
 67182 | Zot:4    | Found a huge runed gate.
 67182 | Zot:4    | Found a huge runed gate.
 67183 | Zot:4    | Found a huge runed gate.
 67183 | Zot:4    | Found a huge runed gate.
 67319 | Zot:4    | Found a huge runed gate.
 67320 | Zot:4    | Found a huge runed gate.
 67327 | Zot:4    | Found a huge runed gate.
 67327 | Zot:4    | Found a huge runed gate.
 67327 | Zot:4    | Found a huge runed gate.
 67327 | Zot:4    | Found a huge runed gate.
 67328 | Zot:4    | Found a huge runed gate.
 67329 | Zot:4    | Found a huge runed gate.
 67337 | Zot:4    | Found a huge runed gate.
 67337 | Zot:4    | Found a huge runed gate.
 67337 | Zot:4    | Found a huge runed gate.
 67337 | Zot:4    | Found a huge runed gate.
 67519 | Zot:5    | Entered Level 5 of the Realm of Zot
 67544 | Zot:5    | Received a gift from Yredelemnul (a vampire)
 67668 | Zot:5    | Got a slimy shield
 67669 | Zot:5    | Identified the +0 shield "Anaig" {MR+} (You acquired it on
                  | level 5 of the Realm of Zot)
 67845 | Zot:5    | Reached XP level 27. HP: 259/308 MP: 36/40
 67868 | Zot:5    | Noticed an ancient lich
 67885 | Zot:5    | Killed an ancient lich
 68184 | Zot:5    | Noticed an ancient lich
 68193 | Zot:5    | Noticed an orb of fire
 68194 | Zot:5    | Killed an ancient lich
 68197 | Zot:5    | Noticed an orb of fire
 68199 | Zot:5    | Noticed an ancient lich
 68201 | Zot:5    | Noticed an ancient lich
 68202 | Zot:5    | Your ally Frances died
 68202 | Zot:5    | Noticed an ancient lich
 68211 | Zot:5    | Killed an orb of fire
 68215 | Zot:5    | Killed an ancient lich
 68218 | Zot:5    | Noticed an ancient lich
 68225 | Zot:5    | Killed an ancient lich
 68236 | Zot:5    | Noticed an ancient lich
 68241 | Zot:5    | Received a gift from Yredelemnul (a vampire)
 68241 | Zot:5    | Killed an ancient lich
 68242 | Zot:5    | Killed an ancient lich
 68248 | Zot:5    | Noticed an ancient lich
 68260 | Zot:5    | Killed an orb of fire
 68261 | Zot:5    | Received a gift from Yredelemnul (a flayed ghost)
 68267 | Zot:5    | Noticed an orb of fire
 68272 | Zot:5    | Gained mutation: Your magical capacity is low. (-10% MP)
                  | [an orb of fire]
 68277 | Zot:5    | Noticed an ancient lich
 68280 | Zot:5    | Killed an ancient lich
 68281 | Zot:5    | Killed an orb of fire
 68285 | Zot:5    | Killed an ancient lich
 68288 | Zot:5    | Killed an ancient lich
 68516 | Zot:5    | Got the Orb of Zot
 68612 | Zot:4    | Lost mutation: You tend to lose your temper in combat.
                  | [potion of mutation]
 68612 | Zot:4    | Lost mutation: You are weak. (Str -2) [potion of mutation]
 68612 | Zot:4    | Gained mutation: You have a pair of small horns on your
                  | head. [potion of mutation]
 68612 | Zot:4    | Gained mutation: Your muscles are strong. (Str +2) [potion
                  | of mutation]
 68613 | Zot:4    | Lost mutation: Your muscles are strong. (Str +2) [potion of
                  | mutation]
 68613 | Zot:4    | Lost mutation: Your spells are a little easier to cast, but
                  | a little less powerful. [potion of mutation]
 68613 | Zot:4    | Lost mutation: You have a pair of small horns on your head.
                  | [potion of mutation]
 68613 | Zot:4    | Gained mutation: You are dopey. (Int -2) [potion of
                  | mutation]
 68613 | Zot:4    | Lost mutation: Your magical capacity is low. (-10% MP)
                  | [potion of mutation]
 68705 | Zot:1    | Received a gift from Yredelemnul (a profane servitor)
 68712 | Zot:1    | Noticed Vekkug the pandemonium lord
 68723 | Zot:1    | Killed Vekkug the pandemonium lord
 68758 | Depths:5 | Noticed Gagel the pandemonium lord
 68768 | Depths:5 | Killed Gagel the pandemonium lord
 68788 | Depths:5 | Received a gift from Yredelemnul (a flayed ghost)
 68808 | Depths:5 | Noticed Boris
 68833 | Depths:5 | Killed Boris
 69101 | D:8      | Received a gift from Yredelemnul (a vampire knight)
 69334 | D:$      | Escaped with the Orb!

Levels and vault maps discovered:
D:1:      dpeg_arrival_tiny_j, layout_rooms, item_on_display_a
D:2:      layout_basic, first_ration
D:3:      gammafunk_steamed_eel, layout_basic, kennysheep_orc_chapel
D:4:      layout_loops_ring, serial_shops, shop
D:5:      layout_basic, minmay_temple_entry_sparse_star,
          gammafunk_ghost_stat_death, gup_sewer_entry_spiral, serial_shops,
          nicolae_shop_behind_doors, minmay_misc_feat_pillars,
          uniq_blork_the_orc
D:6:      layout_cave_pods, nicolae_overflow_crystal_walls,
          nicolae_qazlal_eye_of_the_storm
D:7:      layout_basic, uniq_duvessa
D:8:      layout_gridville, nicolae_underground_beach, uniq_pikel
D:9:      layout_layer_cave, serial_shops, kennysheep_little_box, basic_altar,
          uniq_psyche
D:10:     kennysheep_town
D:11:     layout_rooms, uniq_harold, uniq_josephine
D:12:     layout_rooms, serial_curves, eino_curves_03, eino_curves_02,
          grunt_ogre_cave, uniq_maurice
D:13:     dragon1_lemuel, layout_cross
D:14:     minmay_connected_boxes_in_corner, layout_loops_ring, erik_vaults_1,
          minmay_misc_feat_roman, serial_shops, shop,
          nicolae_shop_overgrown_old_shop, shop
D:15:     grunt_enter_depths_giant_problem, layout_cave_pools, serial_shops,
          nicolae_shop_statue_plus, minivault_11, uniq_roxanne
Temple:   roderic_octagonal_lattice_temple
Lair:1:   layout_chaotic_city, portal_ice_cave_entry_imps, beast_lair_carwin_11,
          lemuel_fruit_tree
Lair:2:   layout_roguey, dummy_spider_entry, nicolae_volcano_entry_hallway,
          zaba_anthole, grunt_megastairs_5, minmay_lair_oklob_chamber,
          serial_bayou_shore_a
Lair:3:   layout_gridlike, palyth_hydra_swamp_entry, gammafunk_ghost_ooze
Lair:4:   beast_lair_carwin_large_4, layout_cave_pods, minmay_another_anthill,
          uniq_rupert
Lair:5:   layout_long_grid, wad_woods_02, serial_bayou_shore_b,
          infiniplex_staircase_pool, serial_bayou_shore_b, uniq_kirke
Lair:6:   evil_forest, layout_loops_ring, slime_altar_1
Swamp:1:  gammafunk_its_a_trap, layout_basic_swamp, evilmike_swamp_ruin_house_4,
          swamp_pool2, grunt_lady_of_the_lake
Swamp:2:  layout_basic_swamp, nicolae_swamp_fairy_circle, swamp_pool4,
          wheals_swamp_sinkhole
Swamp:3:  cheibrodos_swamp_mausoleum, layout_falls_marsh,
          evilmike_swamp_ruin_rubble_1, swamp_pool3
Swamp:4:  swamp_alternative, layout_basic_swamp, swamp_pool1,
          hangedman_swamp_lotus
Spider:1: layout_spider_delve, uniq_nikola
Spider:2: layout_spider_delve, uniq_arachne, uniq_frances, uniq_donald,
          uniq_aizul
Spider:3: layout_spider_delve, nicolae_spider_shape
Spider:4: spider_rune_water
Orc:1:    orc_temple, layout_caves
Orc:2:    st_orc_pillars, layout_caves
Elf:1:    layout_geoelf_diagonals, serial_shops, shop,
          kennysheep_underground_church, minivault_16, uniq_asterion,
          uniq_azrael, uniq_jorgrun
Elf:2:    layout_geoelf_octagon, billiards_dpeg
Elf:3:    minmay_elf_hall_quartered_circle, layout_rooms, serial_shops, shop,
          basic_altar, uniq_louise
Vaults:1: v_misc_28, vaults_mumra_chevron_long, nicolae_vaults_network_square,
          vaults_room_boxed, vaults_mumra_minichess_inversion, v_alt_pattern_5,
          ontoclasm_vaults_decontamination, ontoclasm_vaults_claustrophobia,
          vaults_dpeg_doors, layout_vaults_maze, serial_shops,
          nicolae_shop_temple_entry_statues_fountains, shop, shop_fountains
Vaults:2: grunt_vaults_twisty, hangedman_vaults_capsules,
          hangedman_vaults_pinch, v_alt_pattern_6, v_alt_pattern_6,
          nicolae_vaults_three_branches, ontoclasm_vaults_fault,
          nicolae_vaults_asterisk, vaults_room_door_ring,
          layout_vaults_omnigrid, uniq_xtahua
Vaults:3: hangedman_vaults_stretched_pinwheel,
          hangedman_vaults_stretched_pinwheel, hangedman_vaults_restitches,
          minmay_crypt_entry_necro_gods, nicolae_vaults_angled_halls, v_misc_12,
          vaults_room_hangedman_quadrants, nicolae_vaults_little_ls,
          nicolae_vaults_border_crossing, hangedman_vaults_nails,
          vaults_room_hallway, vaults_room_stairs_pillars,
          nicolae_vaults_alarming, layout_vaults_big_room, serial_shops, shop,
          uniq_sojobo
Vaults:4: nicolae_vaults_an_arrangement, hangedman_vaults_variations,
          v_pattern_1, nicolae_vaults_little_squares_1, ontoclasm_vaults_spin,
          v_alt_pattern_3, hangedman_vaults_stretched_pinwheel, v_misc_13,
          v_misc_18, hangedman_vaults_corner, serial_ice_b, vaults_room_fours,
          grunt_vaults_bifocal, vaults_dpeg_hooks,
          nicolae_vaults_diagonal_hallway_7, layout_vaults_omnibox,
          serial_shops, shop, nicolae_shop_trees, nicolae_shop_waterfront
Vaults:5: serial_shops
Crypt:1:  layout_basic, gammafunk_ghost_grave
Crypt:2:  layout_misc_corridors
Crypt:3:  quadcrypt_mu
Depths:1: layout_forbidden_donut, hangedman_decor_slide_cut,
          pf_hell_entry_great_geh, grunt_ministairs_14,
          hangedman_abyss_or_decor_lesser_grid, kennysheep_generic_room_6,
          minmay_shoptagon
Depths:2: minmay_the_grid_triangle_9x9_recursive_3
          [minmay_the_grid_triangle_9x9_checkered,
          minmay_the_grid_triangle_9x9_descending_squares,
          minmay_the_grid_triangle_9x9_shrine,
          minmay_the_grid_triangle_9x9_prize_center,
          minmay_the_grid_triangle_9x9_from_above,
          minmay_the_grid_triangle_9x9_sparse_checkered,
          minmay_the_grid_triangle_9x9_pentomino_pain,
          minmay_the_grid_triangle_9x9_skeleton,
          minmay_the_grid_triangle_9x9_zippers_horizontal], layout_honeycomb,
          enter_ziggurat_e, hangedman_abyss_or_decor_jellyfish_corner,
          minmay_room_of_horrors, hell_entry, minmay_pinched_square,
          firewood_loft, minmay_staircase_windowed_small, serial_bayou_shore_b
Depths:3: kennysheep_water_balloons, layout_basic, hell_entry, pan_entry,
          uniq_boris, uniq_jory, uniq_mara, uniq_frederick
Depths:4: cheibrodos_lost_city_excavation, layout_cave_shapes,
          rand_demon_pan_entry_1, grunt_metal_band,
          nicolae_abyss_entry_one_way_or_another, minmay_microvault
Depths:5: evilmike_zot_entry_basic, layout_cave_shapes,
          serial_sigils_hangedman_shear, enter_trove_0,
          grunt_hell_entry_dis_grunt, roderic_lattice_octagonal_star
Zot:1:    lemuel_draconian_sentries_small, layout_onion,
          gammafunk_ghost_berserking_beasts
Zot:2:    lemuel_firehouse, layout_cathedral_of_symmetry, lemuel_elevator
Zot:3:    layout_onion_interference, gammafunk_ghost_split
Zot:4:    layout_cathedral_of_symmetry, grunt_ministairs_1, door_vault
Zot:5:    layout_onion

Skill      XL: |  1  2  3  4  5  6  7  8  9 10 11 12 13 14 15 16 17 18 19 20 21 22 23 24 25 26 27 |
---------------+----------------------------------------------------------------------------------+-----
Long Blades    | 3 4 5 6 7 8 9 10 11 12 13 14 15 16 | 16.0
Dodging        | 3 4 5 6 7 8 9 10 11 12 13 14 15 16 17 18 20 | 20.0
Fighting       | 3 4 5 6 8 9 10 11 12 13 14 15 16 17 18 19 20 21 22 23 25 | 25.0
Invocations    | 4 7 9 10 12 13 14 15 16 18 19 21 22 23 24 25 26 27 | 27.0
Shields        | 3 5 6 8 9 10 11 12 13 14 15 | 15.0
Armour         | 3 6 8 9 10 12 13 16 17 18 20 | 20.0
Throwing       | |  1.7

Action                   |  1- 3 |  4- 6 |  7- 9 | 10-12 | 13-15 | 16-18 | 19-21 | 22-24 | 25-27 || total
-------------------------+-------+-------+-------+-------+-------+-------+-------+-------+-------++-------
Melee: Long sword        |    69 |   157 |   171 |   533 |  1349 |  1770 |   236 |       |       ||  4285
       Dagger            |       |       |       |       |    92 |       |       |       |       ||    92
       Scimitar          |       |       |       |       |       |    11 |       |       |       ||    11
       Double sword      |       |       |       |       |       |       |  1630 |  1189 |  1228 ||  4047
Throw: Throwing net      |       |       |     1 |       |       |       |       |       |       ||     1
Invok: Animate Remains   |       |       |       |    21 |       |       |       |       |       ||    21
       Animate Dead      |       |       |       |    17 |    49 |    66 |    42 |    30 |    36 ||   240
       Drain Life        |       |       |       |     2 |    17 |    20 |     5 |    16 |    17 ||    77
       Enslave Soul      |       |       |       |       |       |     1 |       |       |       ||     1
       Recall Undead Sla |       |       |       |       |       |       |       |       |     1 ||     1
Evoke: Wand              |       |     4 |     4 |     5 |     7 |    16 |     2 |       |     9 ||    47
       Lightning rod     |       |       |       |     4 |     4 |     5 |     8 |     4 |       ||    25
       Phial of floods   |       |       |       |       |       |     3 |       |       |       ||     3
  Use: Potion            |       |     1 |       |       |     2 |    11 |     2 |     1 |     5 ||    22
       Scroll            |       |       |       |    21 |    11 |    22 |     5 |    18 |     6 ||    83
 Stab: Distracted        |       |       |     1 |     4 |    21 |    19 |     6 |    13 |    13 ||    77
       Confused          |       |       |       |     1 |       |       |       |       |       ||     1
       Sleeping          |       |       |       |       |       |     9 |       |       |       ||     9
       Invisible         |       |       |       |       |       |     8 |       |       |       ||     8
  Eat: Chunk             |     1 |    11 |    14 |    28 |    55 |    48 |    43 |    22 |    24 ||   246
       Ration            |       |       |       |     2 |     3 |    10 |     2 |     4 |     6 ||    27
Armor: Leather armour    |     2 |       |       |       |       |       |       |       |       ||     2
       Ring mail         |    16 |    59 |    46 |   169 |   391 |   510 |    62 |       |       ||  1253
       Chain mail        |       |       |       |       |       |       |   406 |   315 |   366 ||  1087
Dodge: Dodged            |    45 |   157 |   114 |   451 |  1346 |  1907 |   925 |   651 |   799 ||  6395
Block: Buckler           |       |       |       |   104 |   463 |   538 |       |       |       ||  1105
       Shield            |       |       |       |       |       |   307 |  1071 |   749 |   900 ||  3027
       Reflection        |       |       |       |       |       |       |       |    27 |    19 ||    46
       Rpst.: Long sword |    12 |    40 |    32 |    95 |   297 |   372 |    41 |       |       ||   889
       Scimitar          |       |       |       |       |       |     1 |       |       |       ||     1
       Double sword      |       |       |       |       |       |       |   155 |   118 |   133 ||   406

Table legend:
 A = Non-vault XP
 B = Vault XP
 C = Vault XP percentage of total XP
 D = Non-vault monster count
 E = Vault monster count
 F = Vault count percentage of total count
                 A         B        C        D         E       F
            +---------+---------+-------+---------+---------+-------
      Total |  869985 |  776481 |  47.2 |    1626 |    1010 |  38.3
            +---------+---------+-------+---------+---------+-------
        D:1 |      19 |       0 |   0.0 |      11 |       0 |   0.0
        D:2 |      84 |       0 |   0.0 |      17 |       0 |   0.0
        D:3 |      70 |     204 |  74.5 |      21 |       4 |  16.0
        D:4 |     240 |      89 |  27.1 |      22 |       4 |  15.4
        D:5 |     574 |     119 |  17.2 |      15 |       7 |  31.8
        D:6 |     172 |       0 |   0.0 |       5 |       0 |   0.0
        D:7 |     914 |     231 |  20.2 |      21 |       2 |   8.7
        D:8 |    1665 |     550 |  24.8 |      16 |       1 |   5.9
        D:9 |    1361 |     111 |   7.5 |       9 |       1 |  10.0
       D:10 |    1631 |    6030 |  78.7 |      39 |      39 |  50.0
       D:11 |    6574 |    2865 |  30.4 |      40 |       6 |  13.0
       D:12 |    5856 |     604 |   9.3 |      40 |       2 |   4.8
       D:13 |    5768 |     552 |   8.7 |      24 |       1 |   4.0
       D:14 |    9803 |   10472 |  51.6 |      30 |      23 |  43.4
       D:15 |   13794 |    2576 |  15.7 |      40 |       2 |   4.8
     Lair:1 |    3066 |     985 |  24.3 |      15 |      15 |  50.0
     Lair:2 |    1906 |    1406 |  42.5 |      12 |      11 |  47.8
     Lair:3 |    5139 |    2212 |  30.1 |      27 |       8 |  22.9
     Lair:4 |    8763 |   14462 |  62.3 |      40 |      46 |  53.5
     Lair:5 |    2913 |    3188 |  52.3 |      10 |      11 |  52.4
     Lair:6 |   10246 |    7739 |  43.0 |      28 |      26 |  48.1
    Swamp:1 |   11399 |       0 |   0.0 |      32 |       0 |   0.0
    Swamp:2 |   11375 |       0 |   0.0 |      30 |       0 |   0.0
    Swamp:3 |   12891 |    8561 |  39.9 |      24 |      35 |  59.3
    Swamp:4 |   14450 |   14540 |  50.2 |      32 |      25 |  43.9
   Spider:1 |    9009 |    3675 |  29.0 |      33 |       1 |   2.9
   Spider:2 |    6144 |    6619 |  51.9 |      18 |       3 |  14.3
   Spider:3 |    4840 |    3651 |  43.0 |      20 |       8 |  28.6
   Spider:4 |   14034 |   20005 |  58.8 |      45 |      40 |  47.1
      Orc:1 |    3040 |    6487 |  68.1 |      24 |      29 |  54.7
      Orc:2 |    4166 |    9925 |  70.4 |      38 |      65 |  63.1
      Elf:1 |   19447 |   10997 |  36.1 |      39 |      15 |  27.8
      Elf:2 |   25845 |    3309 |  11.4 |      45 |       5 |  10.0
      Elf:3 |    7624 |   37524 |  83.1 |      12 |      29 |  70.7
   Vaults:1 |   24983 |   27064 |  52.0 |      44 |      40 |  47.6
   Vaults:2 |   36137 |   15754 |  30.4 |      72 |      28 |  28.0
   Vaults:3 |   30108 |   32747 |  52.1 |      39 |      35 |  47.3
   Vaults:4 |   24540 |   25583 |  51.0 |      52 |      40 |  43.5
   Vaults:5 |   41198 |  143769 |  77.7 |      58 |      99 |  63.1
    Crypt:1 |   37558 |       0 |   0.0 |      57 |       0 |   0.0
    Crypt:2 |   21782 |       0 |   0.0 |      46 |       0 |   0.0
    Crypt:3 |       0 |   65229 | 100.0 |       0 |      81 | 100.0
   Depths:1 |   37077 |    6829 |  15.6 |      56 |       7 |  11.1
   Depths:2 |   25896 |   51795 |  66.7 |      33 |      58 |  63.7
   Depths:3 |   50063 |   35250 |  41.3 |      61 |      11 |  15.3
   Depths:4 |   27804 |   18935 |  40.5 |      37 |      13 |  26.0
   Depths:5 |   78490 |   10365 |  11.7 |      56 |       9 |  13.8
      Zot:1 |   37979 |    5869 |  13.4 |      21 |       4 |  16.0
      Zot:2 |   55278 |   11454 |  17.2 |      42 |      28 |  40.0
      Zot:3 |   18868 |       0 |   0.0 |      12 |       0 |   0.0
      Zot:4 |   39474 |    4852 |  10.9 |      23 |       2 |   8.0
      Zot:5 |   42040 |  126194 |  75.0 |      33 |      44 |  57.1
    Abyss:3 |   15888 |       0 |   0.0 |      10 |       0 |   0.0
      IceCv |       0 |    8674 | 100.0 |       0 |      36 | 100.0
    Volcano |       0 |    6430 | 100.0 |       0 |      11 | 100.0
            +---------+---------+-------+---------+---------+-------
